 Dungeon Crawl Stone Soup version 0.31.0-4-g52a2dc7128 (webtiles) character file.

Game seed: 2577148846143176965

676 Sabo the Ducker (level 7, -1/60 HPs)
             Began as a Gnoll Monk on Jan 21, 2024.
             Slain by a two-headed ogre
             ... wielding a +0 giant club
              (4 damage)
             ... on level 5 of the Dungeon.
             The game lasted 00:24:57 (4210 turns).

Sabo the Ducker (Gnoll Monk)                        Turns: 4210, Time: 00:24:57

Health: -1/60      AC: 15    Str: 12    XL:     7   Next: 59%
Magic:  11/11      EV:  8    Int: 10    God:
Gold:   192        SH:  5    Dex: 14    Spells: 11/11 levels left

rFire   . . .        q - +2 executioner's axe (flame)
rCold   . . .        (shield currently unavailable)
rNeg    . . .        b - +0 chain mail
rPois   .            l - +2 helmet
rElec   +            (no cloak)
rCorr   .            s - +2 pair of gloves
SInv    +            (no boots)
Will    .....        k - amulet of reflection
Stlth   +            h - ring "Pogro" {rElec SInv Stlth+}
HPRegen 0.30/turn    (no ring)
MPRegen 0.12/turn

%: reflection
@: no status effects
A: fangs 1, strong nose, distributed training
a: no special abilities


You were on level 5 of the Dungeon.
You visited 1 branch of the dungeon, and saw 5 of its levels.

You collected 192 gold pieces.

Inventory:

Hand Weapons
 e - a +0 flail
 q - a +2 executioner's axe of flaming (weapon)
 t - a +0 war axe
Missiles
 i - 4 boomerangs (quivered)
 u - 5 poisoned darts
Armour
 b - a +0 chain mail (worn)
 d - an orb of light
 l - a +2 helmet (worn)
 s - a +2 pair of gloves (worn)
Jewellery
 h - the ring "Pogro" (left hand) {rElec SInv Stlth+}
   (You acquired it on level 1 of the Dungeon)

   [ring of see invisible]

   rElec:     It insulates you from electricity.
   SInv:      It lets you see invisible.
   Stlth+:    It makes you more stealthy.
 k - an amulet of reflection (around neck)
Scrolls
 f - 2 scrolls of fog
 m - a scroll of teleportation {unknown}
 v - a scroll of revelation {unknown}
 w - a scroll of enchant armour
 x - a scroll of noise {unknown}
 y - a scroll of torment {unknown}
Potions
 a - 2 potions of brilliance {unknown}
 c - a potion of ambrosia
 g - a potion of might
 j - a potion of enlightenment {unknown}
 n - a potion of attraction {unknown}
 o - 3 potions of curing {unknown}
 p - a potion of haste {unknown}
 r - a potion of magic {unknown}


   Skills:
 + Level 7.1 Fighting
 + Level 2.7 Short Blades
 + Level 2.7 Long Blades
 + Level 7.1 Axes
 + Level 2.7 Maces & Flails
 + Level 2.7 Polearms
 + Level 2.7 Staves
 + Level 2.7 Ranged Weapons
 + Level 2.7 Throwing
 + Level 2.7 Armour
 + Level 7.1 Dodging
 + Level 2.7 Stealth
 + Level 2.7 Shields
 + Level 2.7 Unarmed Combat
 + Level 2.7 Spellcasting
 + Level 2.2 Conjurations
 + Level 2.2 Hexes
 + Level 2.2 Summonings
 + Level 2.2 Necromancy
 + Level 2.2 Translocations
 + Level 2.2 Fire Magic
 + Level 2.2 Ice Magic
 + Level 2.2 Air Magic
 + Level 2.2 Earth Magic
 + Level 2.2 Alchemy
 + Level 3.0 Invocations
 + Level 2.7 Evocations
 + Level 2.4 Shapeshifting


You had 11 spell levels left.
You didn't know any spells.
Your spell library contained the following spells:

 Spells                   Type           Power      Damage    Failure   Level
 Necrotise                Necr           20%        1d5       96%         1
 Slow                     Hex            20%        N/A       96%         1
 Summon Small Mammal      Summ           20%        N/A       96%         1
 Call Canine Familiar     Summ           5%         N/A       100%        3
 Confusing Touch          Hex            5%         N/A       100%        3
 Sigil of Binding         Hex            5%         N/A       100%        3
 Vampiric Draining        Necr           5%         2d6       100%        3
 Martyr's Knell           Necr/Summ      5%         N/A       100%        4
 Summon Blazeheart Golem  Fire/Summ      5%         N/A       100%        4
 Curse of Agony           Necr           5%         N/A       100%        5


Dungeon Overview and Level Annotations

Branches:
Dungeon (5/15)
 Temple: D:4-7

Altars:


Innate Abilities, Weirdness & Mutations

You have very sharp teeth.
Your uncanny sense of smell can sniff out nearby items.
Your experience applies equally to all skills.


Message History

You closely miss the hound. The hound bites you but does no damage.
The hound barely misses you.
You closely miss the hound. The hound bites you but does no damage.
You block the hound's attack.
You barely miss the hound. The hound bites you.
The hound completely misses you.
You slash the hound! You burn the hound.
You kill the hound!
Your Invocations skill increases to level 3!
You see here a hound corpse.
You hear the slow rusting of a very distant drain.
You see here a hound corpse.
You see here a +0 chain mail.
An iguana comes into view.
The iguana hisses angrily.
You hear two shouts!
A two-headed ogre comes into view. It is wielding two +0 giant clubs.
The iguana closely misses you.
You barely miss the iguana. You slice the two-headed ogre!!
You burn the two-headed ogre.
The two-headed ogre is heavily wounded.
The two-headed ogre hits you with a +0 giant club!!
You block the two-headed ogre's attack.
You barely miss the two-headed ogre.
The two-headed ogre is heavily wounded.
The two-headed ogre hits you but does no damage. x2
You barely miss the two-headed ogre. You bite the two-headed ogre.
The two-headed ogre is heavily wounded.
You block the two-headed ogre's attack.
The two-headed ogre hits you with a +0 giant club!
You hit the two-headed ogre. You burn the two-headed ogre.
The two-headed ogre is heavily wounded.
The two-headed ogre hits you with a +0 giant club!
* * * LOW HITPOINT WARNING * * *
The two-headed ogre hits you with a +0 giant club!
* * * LOW HITPOINT WARNING * * *
You slash the two-headed ogre! You burn the two-headed ogre.
You bite the two-headed ogre, but do no damage.
The two-headed ogre is severely wounded.
The two-headed ogre hits you with a +0 giant club.
You die...

... #.# #.#
######## #.#
#......# #.#
#@####.# #.#
#O####.#######.###
#l#...[...........
##.#.##†######.####
.....##.# #.#
#......# #.#
####...# ..# #.....
.## ##...## ..


You could see a two-headed ogre and an iguana.

Vanquished Creatures
  Sigmund (D:4)
  A scorpion (D:5)
  A bombardier beetle (D:4)
  3 hounds
  3 orc priests
  A sleepcap (D:5)
  An orc wizard (D:3)
  Robin (D:2)
  4 gnolls (D:2)
  7 adders
  2 dart slugs
  2 ribbon worms (D:2)
  7 orcs
  5 endoplasms
  6 giant cockroaches
  10 goblins
  5 hobgoblins
  4 jackals (D:4)
  4 kobolds
  A quokka (D:3)
  3 ball pythons
  3 bats (D:1)
  3 frilled lizards (D:1)
  4 rats
82 creatures vanquished.

Notes
Turn   | Place    | Note
-------+----------+-------------------------------------------
     0 | D:1      | Sabo the Gnoll Monk began the quest for the Orb.
     0 | D:1      | Reached XP level 1. HP: 23/23 MP: 1/1
   149 | D:1      | Reached XP level 2. HP: 27/29 MP: 2/2
   230 | D:1      | Found a faded altar of an unknown god.
   579 | D:1      | Identified a scroll of acquirement
   580 | D:1      | Acquired the ring "Pogro" {rElec SInv Stlth+}
   660 | D:2      | Reached XP level 3. HP: 33/35 MP: 3/3
   896 | D:2      | Reached skill level 1 in Invocations
  1617 | D:2      | Reached skill level 1 in Short Blades
  1617 | D:2      | Reached skill level 1 in Long Blades
  1617 | D:2      | Reached skill level 1 in Maces & Flails
  1617 | D:2      | Reached skill level 1 in Polearms
  1617 | D:2      | Reached skill level 1 in Staves
  1617 | D:2      | Reached skill level 1 in Ranged Weapons
  1617 | D:2      | Reached skill level 1 in Throwing
  1617 | D:2      | Reached skill level 1 in Armour
  1617 | D:2      | Reached skill level 1 in Stealth
  1617 | D:2      | Reached skill level 1 in Shields
  1617 | D:2      | Reached skill level 1 in Unarmed Combat
  1617 | D:2      | Reached skill level 1 in Spellcasting
  1617 | D:2      | Reached skill level 1 in Evocations
  1649 | D:2      | Reached skill level 1 in Shapeshifting
  1649 | D:2      | Reached XP level 4. HP: 41/41 MP: 5/5
  1662 | D:2      | Reached skill level 1 in Conjurations
  1662 | D:2      | Reached skill level 1 in Hexes
  1662 | D:2      | Reached skill level 1 in Summonings
  1662 | D:2      | Reached skill level 1 in Necromancy
  1662 | D:2      | Reached skill level 1 in Translocations
  1662 | D:2      | Reached skill level 1 in Fire Magic
  1662 | D:2      | Reached skill level 1 in Ice Magic
  1662 | D:2      | Reached skill level 1 in Air Magic
  1662 | D:2      | Reached skill level 1 in Earth Magic
  1662 | D:2      | Reached skill level 1 in Alchemy
  2094 | D:2      | Noticed Robin
  2103 | D:2      | Killed Robin
  2104 | D:2      | Reached XP level 5. HP: 43/47 MP: 5/7
  2539 | D:3      | Acquired a +2 executioner's axe of flaming
  3341 | D:4      | Reached XP level 6. HP: 49/53 MP: 8/8
  3519 | D:4      | Noticed Sigmund
  3529 | D:4      | Killed Sigmund
  3534 | D:4      | Reached XP level 7. HP: 58/60 MP: 8/10
  4099 | D:5      | Entered Level 5 of the Dungeon
  4202 | D:5      | Noticed a two-headed ogre
  4209 | D:5      | HP: 2/60 [two-headed ogre/+0 giant club (9)]
  4210 | D:5      | Slain by a two-headed ogre

Illustrated notes

Levels and vault maps discovered:
D:1:      shiori_arrival_elements, layout_rooms,
          hellmonk_ecumenical_altar_blasted
D:2:      layout_basic, kennysheep_small_spiral, uniq_robin
D:3:      layout_loops_corners
D:4:      layout_basic, uniq_sigmund
D:5:      layout_loops_cross, temple_doors_e, portal_sewer_entry_a

Skill      XL: |  1  2  3  4  5  6  7 |
---------------+----------------------+-----
Invocations    | 1 2 3 |  3.0
Short Blades   | 1 2 |  2.7
Long Blades    | 1 2 |  2.7
Maces & Flails | 1 2 |  2.7
Polearms       | 1 2 |  2.7
Staves         | 1 2 |  2.7
Ranged Weapons | 1 2 |  2.7
Throwing       | 1 2 |  2.7
Armour         | 1 2 |  2.7
Stealth        | 1 2 |  2.7
Shields        | 1 2 |  2.7
Unarmed Combat | 1 2 |  2.7
Spellcasting   | 1 2 |  2.7
Evocations     | 1 2 |  2.7
Shapeshifting  | 1 2 |  2.4
Conjurations   | 1 2 |  2.2
Hexes          | 1 2 |  2.2
Summonings     | 1 2 |  2.2
Necromancy     | 1 2 |  2.2
Translocations | 1 2 |  2.2
Fire Magic     | 1 2 |  2.2
Ice Magic      | 1 2 |  2.2
Air Magic      | 1 2 |  2.2
Earth Magic    | 1 2 |  2.2
Alchemy        | 1 2 |  2.2
Fighting       | 7 |  7.1
Axes           | 7 |  7.1
Dodging        | 7 |  7.1

Action                     |  1- 3 |  4- 6 |  7- 9 || total
---------------------------+-------+-------+-------++-------
  Melee: Hand axe          |    62 |    14 |       ||    76
         Bite              |    10 |    13 |     4 ||    27
         Flail             |       |    42 |       ||    42
         Executioner's axe |       |    52 |    42 ||    94
  Throw: Boomerang         |     9 |     4 |       ||    13
    Use: Scroll            |     7 |     5 |       ||    12
 Armour: Robe              |    10 |       |       ||    10
         Chain mail        |    34 |   144 |    40 ||   218
  Dodge: Dodged            |    24 |    71 |    25 ||   120
  Block: Other             |       |    14 |    10 ||    24
